 Dungeon Crawl Stone Soup version 0.30-a0-972-gf3ab3527aa (webtiles) character file.

Game seed: 7392102127444679604

879 dialectric the Slasher (level 8, -3/67 HPs)
             Began as a Meteoran Fighter on Mar 31, 2023.
             Was an Initiate of the Shining One.
             Slain by an orc warrior
             ... wielding a +0 battleaxe
              (10 damage)
             ... on level 8 of the Dungeon.
             The game lasted 00:05:53 (1231 turns).

dialectric the Slasher (Meteoran Fighter)           Turns: 1231, Time: 00:05:54

Health: -3/67      AC: 10    Str: 18    XL:     8   Next: 50%
Magic:  9/9        EV: 10    Int: 10    God:    the Shining One [......]
Gold:   120        SH:  5    Dex: 15    Spells: 7/7 levels left

rFire   . . .      SeeInvis .    a - +0 long sword
rCold   . . .      Faith    .    c - +0 buckler
rNeg    + + .      Spirit   .    b - +0 scale mail
rPois   .          Reflect  .    (no helmet)
rElec   .          Rampage  .    (no cloak)
rCorr   .                        n - +2 pair of gloves
Will    +....                    (no boots) Stlth
                                 (no amulet)
HPRegen 0.31/turn                f - ring of positive energy
MPRegen 0.11/turn                q - ring of positive energy

@: mighty, glowing
A: sense surroundings 1, otherworldly, glowing, explore regen
a: Renounce Religion


You were on level 8 of the Dungeon.
You worshipped the Shining One.
The Shining One was noncommittal.
You visited 1 branch of the dungeon, and saw 7 of its levels.
You also visited: Sewer.

You collected 120 gold pieces.

Inventory:

Hand Weapons
 a - a +0 long sword (weapon)
Armour
 b - a +0 scale mail (worn)
 c - a +0 buckler (worn)
 n - a +2 pair of gloves (worn)
Jewellery
 f - a ring of positive energy (left hand)
 q - a ring of positive energy (right hand)
Wands
 m - a wand of flame (8)
Scrolls
 e - 4 scrolls of identify {unknown}
 g - a scroll of enchant armour {unknown}
 j - a scroll of immolation {unknown}
 l - a scroll of fear {unknown}
 r - a scroll of blinking {unknown}
 t - a scroll of magic mapping {unknown}
Potions
 h - a potion of lignification {unknown}
 i - a potion of brilliance {unknown}
 k - a potion of mutation {unknown}
 o - a potion of flight {unknown}
 p - a potion of cancellation {unknown}
 s - a potion of degeneration {unknown}


   Skills:
 + Level 4.8 Fighting
 + Level 7.4 Long Blades
 + Level 6.2 Armour
 + Level 2.3 Dodging
 + Level 0.4 Stealth
 + Level 5.0 Shields


You had 7 spell levels left.
You didn't know any spells.
Your spell library contained the following spells:

 Spells                   Type           Power      Damage    Failure   Level
 Cigotuvi's Dreadful Rot  Necr/Pois/Air  0%         N/A       91%         2
 Dispel Undead            Necr           0%         3d6       100%        4
 Death Channel            Necr           0%         N/A       100%        6


Dungeon Overview and Level Annotations

Branches:
Dungeon (6/15) Zot: 3008    Sewer (visited)
 Temple: D:4-7

Altars:
Kikubaaqudgha
Ru
Yredelemnul
Zin
The Shining One


Innate Abilities, Weirdness & Mutations

You passively map a small area around you.
You are easily found by Zot.
You glow in the dark.
You regain HP and MP as you explore.


Message History

An orc warrior comes into view. It is wielding a +0 battleaxe.
You hear a shout!
The orc warrior shouts!
You hear a shout!
Found 2 poisoned darts.
An orc comes into view. It is wielding a +0 short sword.
The orc warrior hits you with a +0 battleaxe!
You barely miss the orc warrior.
The orc warrior hits you with a +0 battleaxe.
You hit the orc warrior.
The orc warrior is moderately wounded.
The orc warrior hits you with a +0 battleaxe!
You hit the orc warrior but do no damage.
The orc warrior is moderately wounded.
The orc wizard gestures wildly while chanting.
The orc wizard flickers and vanishes!
Deactivating autopickup; reactivate with Ctrl-A.
The orc warrior hits you with a +0 battleaxe!
You slash the orc warrior!
The orc warrior is heavily wounded.
An orc comes into view. It is wielding a +0 short sword.
The orc warrior hits you with a +0 battleaxe!
Unknown command.
You feel very mighty all of a sudden.
The orc shouts!
The orc warrior closely misses you.
You hit the orc warrior.
The orc warrior is severely wounded.
The orc warrior hits you with a +0 battleaxe.
* * * LOW HITPOINT WARNING * * *
You closely miss the orc warrior.
The orc warrior is severely wounded.
The orc warrior misses you.
You barely miss the orc warrior.
The orc warrior is severely wounded.
The orc warrior hits you with a +0 battleaxe!
* * * LOW HITPOINT WARNING * * *
You hit the orc warrior.
The orc warrior is severely wounded.
The orc warrior hits you with a +0 battleaxe!
You die...

##### ####...### *
* ##...._...# ,
#######o........##
**
#...@o{o...).....##
*
#.######._..8.._..#
* * , ...*
#..........###
.....
#.............. * *
#.....#
#.#..._...#####
.....# #o###...###
#.#.( , o. ##### *
* ....# * * ##. , ,
, * * *** *


You could see an orc warrior and 2 orcs.

Vanquished Creatures
  Menkaure (D:4)
  An ice beast (D:5)
  A sky beast (D:4)
  2 ogres
  3 scorpions (D:4)
  A jelly (D:8)
  An orc priest (D:5)
  An iron imp (D:5)
  An orc wizard (D:5)
  A hell rat (Sewer)
  6 adders
  A river rat (Sewer)
  A dart slug (D:2)
  4 orcs
  2 endoplasms
  4 giant cockroaches
  4 goblins
  2 hobgoblins (D:4)
  2 jackals (D:2)
  3 kobolds
  2 quokkas
  3 ball pythons
  2 bats
  2 frilled lizards
  3 hobgoblin zombies (D:5)
  2 kobold zombies (D:5)
  3 orc skeletons (D:5)
  4 rats
63 creatures vanquished.

Notes
Turn   | Place    | Note
-------+----------+-------------------------------------------
     0 | D:1      | dialectric the Meteoran Fighter began the quest for the
                  | Orb.
     0 | D:1      | Reached XP level 1. HP: 19/19 MP: 2/2
    25 | D:2      | Reached XP level 2. HP: 23/26 MP: 3/3
    82 | D:2      | Reached XP level 3. HP: 33/33 MP: 4/4
   218 | D:3      | Found a glowing drain.
   223 | Sewer    | Entered a sewer
   260 | Sewer    | Reached skill level 3 in Long Blades
   260 | Sewer    | Reached XP level 4. HP: 30/40 MP: 5/5
   431 | D:3      | Reached XP level 5. HP: 44/46 MP: 6/6
   544 | D:4      | Reached skill level 4 in Long Blades
   590 | D:4      | Noticed Menkaure
   600 | D:4      | Killed Menkaure
   601 | D:4      | Reached skill level 5 in Long Blades
   601 | D:4      | Reached skill level 1 in Dodging
   601 | D:4      | Reached XP level 6. HP: 9/52 MP: 7/7
   632 | D:4      | Noticed an ogre
   635 | D:4      | Killed an ogre
   636 | D:4      | Reached skill level 5 in Armour
   636 | D:4      | Reached XP level 7. HP: 24/60 MP: 8/8
   823 | D:4      | Reached skill level 6 in Long Blades
   891 | D:5      | Entered Level 5 of the Dungeon
   953 | D:5      | Reached XP level 8. HP: 42/67 MP: 9/9
  1025 | D:5      | Found a glowing golden altar of the Shining One.
  1038 | D:5      | Reached skill level 7 in Long Blades
  1061 | D:5      | Became a worshipper of the Shining One
  1128 | D:5      | Reached skill level 5 in Shields
  1160 | D:6      | You fall into a shaft and drop 2 floors!
  1195 | D:8      | Found a basalt altar of Yredelemnul.
  1196 | D:8      | Found an ancient bone altar of Kikubaaqudgha.
  1196 | D:8      | Found a sacrificial altar of Ru.
  1206 | D:8      | Found a glowing silver altar of Zin.
  1231 | D:8      | Slain by an orc warrior

Illustrated notes

Levels and vault maps discovered:
D:1:      lemuel_arrival_hallway, layout_basic, minmay_misc_feat_enclosed,
          nicolae_figureground_sparkle
D:2:      layout_rooms
D:3:      layout_basic, portal_sewer_entry_e, kennysheep_generic_room_15,
          uniq_terence, uniq_grinder
D:4:      layout_loops_ring, nrook_campfire, grunt_ministairs_15, uniq_menkaure
D:5:      layout_basic, nicolae_tso_besieged_by_evil,
          nicolae_qazlal_scattered_showers, nicolae_goblin_pals, uniq_pikel
D:6:      layout_basic, nemelex_dance_club_becter,
          minmay_temple_entry_sparse_star, uniq_maggie
D:8:      layout_loops_ring, mainiacjoe_overflow_divided_tiny, fedhas_altar_1,
          grunt_temple_overflow_open, uniq_grum

Skill      XL: |  1  2  3  4  5  6  7  8 |
---------------+-------------------------+-----
Shields        | 4 5 |  5.0
Long Blades    | 3 5 6 7 |  7.4
Armour         | 4 5 6 |  6.2
Fighting       | 4 |  4.8
Dodging        | 1 2 |  2.3
Stealth        | |  0.4

Action                     |  1- 3 |  4- 6 |  7- 9 || total
---------------------------+-------+-------+-------++-------
  Melee: Long sword        |    74 |    36 |   137 ||   247
    Use: Potion            |       |     2 |     3 ||     5
 Armour: Scale mail        |    60 |    12 |    48 ||   120
  Dodge: Dodged            |    42 |     8 |    36 ||    86
  Block: Buckler           |    31 |     9 |    25 ||    65

Table legend: (Time is in decaauts)
 A = Elapsed time spent in this place.
 B = Non-inter-level travel time spent in this place.
 C = Inter-level travel time spent in this place.
 D = Time resting spent in this place.
 E = Time spent auto-exploring this place.
 F = Levels seen in this place.
 G = Mean time per level.
                   A        B        C        D        E       F      G
               +--------+--------+--------+--------+--------+-----+--------+
         Total |   1273 |   1273 |      0 |      0 |    332 |   8 |  159.1 |
       Dungeon |   1190 |   1190 |      0 |      0 |    332 |   7 |  170.0 |
         Sewer |     82 |     82 |      0 |      0 |      0 |   1 |   82.0 |
               +--------+--------+--------+--------+--------+-----+--------+

Top non-repeatable levels by time:
     D:4: 405 daAuts
     D:5: 263 daAuts
     D:3: 259 daAuts
     D:2: 174 daAuts
   Sewer: 82 daAuts
     D:8: 71 daAuts
     D:1: 16 daAuts
     D:6: 0 daAuts
